SNL (28 & UNDER)
WICHITA WRANGLERS @ KEY WEST BARRACUDAS
05/01/2029
 
TOP OF THE 1ST
Wichita Wranglers batting - Pitching for Key West Barracudas : RHP Sean Flynn
Pitching: RHP Sean Flynn
Batting: LHB Glenn Williamson 0-0: Ball
1-0: Called Strike
1-1: Swinging Strike
1-2: Foul Ball, location: 2F
1-2: Strikes out looking
Batting: LHB Dudley Cooper 0-0: Ball
1-0: Swinging Strike
1-1: Ball
2-1: Fly out, F9 (Line Drive, 89S)
Batting: RHB Jorge Barbosa 0-0: Called Strike
0-1: Ball
1-1: Foul Ball, location: 2F
1-2: Strikes out looking
Top of the 1st over - 0 runs, 0 hits, 0 errors, 0 left on base; Wichita 0 - Key West 0
BOTTOM OF THE 1ST
Key West Barracudas batting - Pitching for Wichita Wranglers : RHP Jeff Valdés
Pitching: RHP Jeff Valdés
Batting: SHB Luis Manuel López 0-0: Ball
1-0: Ground out 4-3 (Groundball, 4)
Batting: RHB Chris Adams 0-0: Called Strike
0-1: Ball
1-1: Swinging Strike
1-2: Strikes out looking
Batting: SHB José Espinoza 0-0: Ball
1-0: Ball
2-0: Swinging Strike
2-1: Foul Ball, location: 2F
2-2: Ball
3-2: Foul Ball, location: 2F
3-2: Foul Ball, location: 2F
3-2: Base on Balls
Batting: SHB Héctor Jiménez 0-0: Ball
José Espinoza steals 2nd base
1-0: Called Strike
1-1: Reached on error, E4 (Groundball, 4)
José Espinoza to third
Pitching: RHP Tony Edmonds
Batting: SHB Júlio Ayala 0-0: Ball
1-0: Ball
2-0: Called Strike
2-1: Ball
3-1: Base on Balls
Héctor Jiménez to second
Batting: SHB Eric Pimentel 0-0: Called Strike
0-1: Ball
1-1: Foul Ball, location: 2F
1-2: Ball
2-2: Fielders Choice at 2nd, 6-4 (Groundball, 6)
Bottom of the 1st over - 0 runs, 0 hits, 1 error, 3 left on base; Wichita 0 - Key West 0
TOP OF THE 2ND
Wichita Wranglers batting - Pitching for Key West Barracudas : RHP Sean Flynn
Batting: LHB Milo Powers 0-0: Ball
1-0: Ground out 4-3 (Groundball, 34)
Batting: RHB Steve Johnson 0-0: Ball
1-0: Foul Ball, location: 2F
1-1: Called Strike
1-2: Foul Ball, location: 2F
1-2: Ball
2-2: Ball
3-2: Foul Ball, location: 2F
3-2: Strikes out swinging
Batting: RHB Hubert MacDonald 0-0: Called Strike
0-1: Ball
1-1: Foul Ball, location: 2F
1-2: Ball
2-2: Fly out, F7 (Flyball, 7D)
Top of the 2nd over - 0 runs, 0 hits, 0 errors, 0 left on base; Wichita 0 - Key West 0
BOTTOM OF THE 2ND
Key West Barracudas batting - Pitching for Wichita Wranglers : RHP Tony Edmonds
Batting: LHB Domingo Ledesma 0-0: Ball
1-0: Ball
2-0: Ball
3-0: Base on Balls
Batting: LHB Juan Lima 0-0: Ball
1-0: Swinging Strike
1-1: Called Strike
1-2: Foul Ball, location: 2F
1-2: Ball
Wild Pitch!
Domingo Ledesma to second
2-2: Strikes out swinging
Batting: LHB Motoki Hirata 0-0: 2-RUN HOME RUN (Line Drive, 7LD), Distance : 347 ft
Batting: SHB Luis Manuel López 0-0: Ball
1-0: Called Strike
1-1: Called Strike
1-2: Ball
2-2: Ball
3-2: Fly out, F7 (Line Drive, 7)
Batting: RHB Chris Adams 0-0: Ground out 5-3 (Groundball, 5L)
Bottom of the 2nd over - 2 runs, 1 hit, 0 errors, 0 left on base; Wichita 0 - Key West 2
TOP OF THE 3RD
Wichita Wranglers batting - Pitching for Key West Barracudas : RHP Sean Flynn
Batting: RHB Stan Taylor 0-0: Called Strike
0-1: Fly out, F8 (Flyball, 8RD)
Batting: RHB José López 0-0: Fly out, F4 (Flyball, 4D)
Pitching: RHP Mathew Wilcox
Batting: RHB Ricardo Velásquez 0-0: Foul Ball, location: 2F
0-1: SINGLE (Line Drive, 78S)
Batting: LHB Glenn Williamson 0-0: Ball
1-0: Swinging Strike
1-1: Ball
2-1: Ball
3-1: Foul Ball, location: 2F
3-2: Foul Ball, location: 2F
3-2: Strikes out swinging
Top of the 3rd over - 0 runs, 1 hit, 0 errors, 1 left on base; Wichita 0 - Key West 2
BOTTOM OF THE 3RD
Key West Barracudas batting - Pitching for Wichita Wranglers : RHP Tony Edmonds
Batting: SHB José Espinoza 0-0: Called Strike
0-1: Ground out 1-3 (Groundball, P)
Batting: SHB Héctor Jiménez 0-0: Ball
1-0: Called Strike
1-1: Ball
2-1: Called Strike
2-2: Fly out, F9 (Line Drive, 89M)
Batting: SHB Júlio Ayala 0-0: Called Strike
0-1: Ball
1-1: Ground out 1-3 (Groundball, P)
Bottom of the 3rd over - 0 runs, 0 hits, 0 errors, 0 left on base; Wichita 0 - Key West 2
TOP OF THE 4TH
Wichita Wranglers batting - Pitching for Key West Barracudas : RHP Mathew Wilcox
Batting: LHB Dudley Cooper 0-0: Ball
1-0: Foul Ball, location: 2F
1-1: Called Strike
1-2: SINGLE (Groundball, 4MD)
Batting: RHB Jorge Barbosa 0-0: Called Strike
0-1: Ball
1-1: Foul Ball, location: 2F
1-2: Reached on error, E6 (Groundball, 6)
Dudley Cooper to second
Batting: LHB Milo Powers 0-0: Ball
1-0: Ball
2-0: Called Strike
2-1: Foul Ball, location: 2F
2-2: Ball
3-2: Base on Balls
Dudley Cooper to third
Jorge Barbosa to second
Batting: RHB Steve Johnson 0-0: Foul Ball, location: 2F
0-1: Ball
1-1: Foul Ball, location: 2F
1-2: Strikes out looking
Batting: RHB Hubert MacDonald 0-0: Called Strike
0-1: Ball
1-1: Foul Ball, location: 2F
1-2: Ball
2-2: Ball
3-2: Strikes out swinging
Batting: RHB Stan Taylor 0-0: Foul Ball, location: 2F
0-1: Ball
1-1: Foul Ball, location: 2F
1-2: SINGLE (Flyball, 89S)
Dudley Cooper scores
Jorge Barbosa to third
Milo Powers to second
Runner from 3rd tries for Home, SAFE, no throw
Batting: RHB José López 0-0: Swinging Strike
0-1: Swinging Strike
0-2: Strikes out swinging
Top of the 4th over - 2 runs, 2 hits, 1 error, 2 left on base; Wichita 2 - Key West 2
BOTTOM OF THE 4TH
Key West Barracudas batting - Pitching for Wichita Wranglers : RHP Tony Edmonds
Batting: SHB Eric Pimentel 0-0: Fly out, F7 (Line Drive, 78D)
Batting: LHB Domingo Ledesma 0-0: Ball
1-0: Called Strike
1-1: Ball
2-1: Foul Ball, location: 2F
2-2: Foul Ball, location: 2F
2-2: Ball
3-2: Ground out U3 (Groundball, 3)
Batting: LHB Juan Lima 0-0: Called Strike
0-1: Ball
1-1: Foul Ball, location: 2F
1-2: Ball
2-2: Fly out, F8 (Flyball, 78D)
Bottom of the 4th over - 0 runs, 0 hits, 0 errors, 0 left on base; Wichita 2 - Key West 2
TOP OF THE 5TH
Wichita Wranglers batting - Pitching for Key West Barracudas : RHP Mathew Wilcox
Batting: RHB Ricardo Velásquez 0-0: Ball
1-0: Fly out, F8 (Flyball, 8RM)
Batting: LHB Glenn Williamson 0-0: Ball
1-0: Swinging Strike
1-1: Ball
2-1: Called Strike
2-2: Strikes out looking
Batting: LHB Dudley Cooper 0-0: Ball
1-0: Fly out, F7 (Flyball, 7LS)
Top of the 5th over - 0 runs, 0 hits, 0 errors, 0 left on base; Wichita 2 - Key West 2
BOTTOM OF THE 5TH
Key West Barracudas batting - Pitching for Wichita Wranglers : RHP Tony Edmonds
Batting: LHB Motoki Hirata 0-0: Swinging Strike
0-1: Hit by Pitch
Batting: SHB Luis Manuel López 0-0: Called Strike
0-1: Fielders Choice at 2nd, 3-6 (Groundball, 3)
Batting: RHB Chris Adams 0-0: Foul Ball, location: 2F
0-1: SINGLE (Groundball, 56D)
Luis Manuel López to second
Runner from 2nd tries for 3rd, SAFE, throw made to third
Batting: SHB José Espinoza 0-0: Ball
1-0: Ball
2-0: Called Strike
2-1: Ball
3-1: Grounds into double play, 5-4-3 (Groundball, 5)
Bottom of the 5th over - 0 runs, 1 hit, 0 errors, 1 left on base; Wichita 2 - Key West 2
TOP OF THE 6TH
Wichita Wranglers batting - Pitching for Key West Barracudas : RHP Mathew Wilcox
Batting: RHB Jorge Barbosa 0-0: Ball
1-0: Ball
2-0: Ball
3-0: Called Strike
3-1: Ground out 6-3 (Groundball, 6)
Batting: LHB Milo Powers 0-0: Ball
1-0: Foul Ball, location: 2F
1-1: SOLO HOME RUN (Flyball, 7LD), Distance : 348 ft
Batting: RHB Steve Johnson 0-0: Ball
1-0: Ball
2-0: Called Strike
2-1: Swinging Strike
2-2: Ball
3-2: Foul Ball, location: 2F
3-2: Foul Ball, location: 2F
3-2: Foul Ball, location: 2F
3-2: Strikes out looking
Batting: RHB Hubert MacDonald 0-0: Ball
1-0: Foul Ball, location: 2F
1-1: Called Strike
1-2: Strikes out swinging
Top of the 6th over - 1 run, 1 hit, 0 errors, 0 left on base; Wichita 3 - Key West 2
BOTTOM OF THE 6TH
Key West Barracudas batting - Pitching for Wichita Wranglers : RHP Tony Edmonds
Batting: SHB Héctor Jiménez 0-0: Ball
1-0: SINGLE (Line Drive, 89S)
Batting: SHB Júlio Ayala 0-0: Foul Ball, location: 2F
0-1: Ball
1-1: Foul Ball, location: 2F
1-2: Ball
2-2: Fielders Choice at 2nd, 1-6 (Groundball, P)
Batting: SHB Eric Pimentel 0-0: Called Strike
0-1: Hit by Pitch
Júlio Ayala to second
Batting: LHB Domingo Ledesma 0-0: Called Strike
0-1: DOUBLE (Line Drive, 89M)
Júlio Ayala scores
Eric Pimentel to third
Batting: LHB Juan Lima 0-0: Swinging Strike
0-1: Foul Ball, location: 2F
0-2: Ball
1-2: Strikes out swinging
Batting: LHB Motoki Hirata 0-0: Called Strike
0-1: Ball
1-1: Fly out, F6 (Popup, 6)
Bottom of the 6th over - 1 run, 2 hits, 0 errors, 2 left on base; Wichita 3 - Key West 3
TOP OF THE 7TH
Wichita Wranglers batting - Pitching for Key West Barracudas : RHP Mathew Wilcox
Pitching: RHP Sean Martínez
Batting: RHB Stan Taylor 0-0: Ball
1-0: Ball
2-0: Ball
3-0: Base on Balls
Pinch Hitting: LHB Al Miller 0-0: Ball
1-0: Bunted foul
1-1: Ball
2-1: Sac Bunt - play at first, batter safe!
Stan Taylor to second
Batting: RHB Ricardo Velásquez 0-0: Ball
1-0: Ball
2-0: Ball
3-0: Called Strike
3-1: Base on Balls
Stan Taylor to third
Al Miller to second
Batting: LHB Glenn Williamson 0-0: Ball
1-0: Called Strike
1-1: Foul Ball, location: 2F
1-2: Ball
2-2: Hit by Pitch
Stan Taylor scores
Al Miller to third
Ricardo Velásquez to second
Batting: LHB Dudley Cooper 0-0: Ball
1-0: Foul Ball, location: 2F
1-1: Called Strike
1-2: SINGLE (Line Drive, 4MD)
Al Miller scores
Ricardo Velásquez to third
Glenn Williamson to second
Batting: RHB Jorge Barbosa 0-0: Ball
1-0: Swinging Strike
1-1: Swinging Strike
1-2: Strikes out swinging
Batting: LHB Milo Powers 0-0: Foul Ball, location: 2F
0-1: Ball
1-1: Ball
2-1: Called Strike
2-2: Ball
3-2: Foul Ball, location: 2F
3-2: SINGLE (Line Drive, 78S)
Ricardo Velásquez scores
Glenn Williamson to third
Dudley Cooper to second
Runner from 3rd tries for Home, SAFE, throw made home
Pitching: RHP Ed Calhoun
Batting: RHB Steve Johnson 0-0: Swinging Strike
0-1: Swinging Strike
0-2: Strikes out swinging
Pitching: RHP José Cuellar
Batting: RHB Hubert MacDonald 0-0: Foul Ball, location: 2F
0-1: Foul Ball, location: 2F
0-2: Ball
1-2: Ball
2-2: Foul Ball, location: 2F
2-2: Ball
3-2: Fly out, F9 (Flyball, 9LM)
Top of the 7th over - 4 runs, 3 hits, 0 errors, 2 left on base; Wichita 7 - Key West 3
BOTTOM OF THE 7TH
Key West Barracudas batting - Pitching for Wichita Wranglers : RHP Tony Edmonds
Pitching: RHP Carlos Gabriel
Now at SS: Travis Ezell
Batting: SHB Luis Manuel López 0-0: Fly out, F9 (Flyball, 89D)
Batting: RHB Chris Adams 0-0: Ball
1-0: Ball
2-0: SOLO HOME RUN (Flyball, 7LD), Distance : 338 ft
Batting: SHB José Espinoza 0-0: Ball
1-0: Foul Ball, location: 2F
1-1: Ground out U3 (Groundball, 3L)
Batting: SHB Héctor Jiménez 0-0: Fly out, F6 (Flyball, 6MD)
Bottom of the 7th over - 1 run, 1 hit, 0 errors, 0 left on base; Wichita 7 - Key West 4
TOP OF THE 8TH
Wichita Wranglers batting - Pitching for Key West Barracudas : RHP José Cuellar
Batting: RHB Stan Taylor 0-0: Ball
1-0: Called Strike
1-1: Swinging Strike
1-2: Strikes out swinging
Batting: RHB Travis Ezell 0-0: Ball
1-0: Ground out 4-3 (Groundball, 4)
Batting: RHB Ricardo Velásquez 0-0: Ball
1-0: Called Strike
1-1: Foul Ball, location: 2F
1-2: Ball
2-2: Ball
3-2: Base on Balls
Batting: LHB Glenn Williamson 0-0: Fly out, F7 (Flyball, 78M)
Top of the 8th over - 0 runs, 0 hits, 0 errors, 1 left on base; Wichita 7 - Key West 4
BOTTOM OF THE 8TH
Key West Barracudas batting - Pitching for Wichita Wranglers : RHP Carlos Gabriel
Batting: SHB Júlio Ayala 0-0: Ball
1-0: Ball
2-0: Swinging Strike
2-1: Called Strike
2-2: Strikes out looking
Batting: SHB Eric Pimentel 0-0: Swinging Strike
0-1: Called Strike
0-2: Strikes out swinging
Batting: LHB Domingo Ledesma 0-0: Ball
1-0: Ground out 4-3 (Groundball, 4M)
Bottom of the 8th over - 0 runs, 0 hits, 0 errors, 0 left on base; Wichita 7 - Key West 4
TOP OF THE 9TH
Wichita Wranglers batting - Pitching for Key West Barracudas : RHP José Cuellar
Batting: LHB Dudley Cooper 0-0: Called Strike
0-1: Foul Ball, location: 2F
0-2: Fly out, F8 (Flyball, 8LM)
Batting: RHB Jorge Barbosa 0-0: Called Strike
0-1: Fly out, F4 (Popup, 34)
Batting: LHB Milo Powers 0-0: Ball
1-0: Ball
2-0: Foul Ball, location: 2F
2-1: Ball
3-1: Swinging Strike
3-2: Foul Ball, location: 2F
3-2: Foul Ball, location: 2F
3-2: Foul Ball, location: 2F
3-2: Foul Ball, location: 2F
3-2: Strikes out swinging
Top of the 9th over - 0 runs, 0 hits, 0 errors, 0 left on base; Wichita 7 - Key West 4
BOTTOM OF THE 9TH
Key West Barracudas batting - Pitching for Wichita Wranglers : RHP Carlos Gabriel
Pitching: RHP Pedro Rivera
Batting: LHB Juan Lima 0-0: Ground out 4-3 (Groundball, 4)
Batting: LHB Motoki Hirata 0-0: Called Strike
0-1: Swinging Strike
0-2: Ball
1-2: Fly out, F8 (Flyball, 8LD)
Batting: SHB Luis Manuel López 0-0: Called Strike
0-1: Called Strike
0-2: Strikes out looking
Bottom of the 9th over - 0 runs, 0 hits, 0 errors, 0 left on base; Wichita 7 - Key West 4
Saturday, December 16th, 2017 - OOTP Baseball 18.8 Build 76